 Dungeon Crawl Stone Soup version 0.30-a0-561-g1b0378597e (webtiles) character file.

Game seed: 16605199733581921517

399 Bnni the Vexing (level 7, -2/51 HPs)
             Began as a Formicid Hexslinger on Dec 28, 2022.
             Slain by a scorpion (6 damage)
             ... on level 4 of the Dungeon.
             The game lasted 00:08:59 (3052 turns).

Bnni the Vexing (Formicid Hexslinger)               Turns: 3052, Time: 00:09:00

Health: -2/51      AC:  4    Str: 14    XL:     7   Next: 10%
Magic:  9/10       EV: 12    Int: 15    God:
Gold:   245        SH:  0    Dex: 14    Spells: 3/10 levels left

rFire   . . .      SeeInvis +    a - +1 sling
rCold   . . .      Faith    .    (no shield)
rNeg    . . .      Spirit   .    s - +2 robe {Will+}
rPois   .          Reflect  .    (helmet unavailable)
rElec   .          Harm     .    (no cloak)
rCorr   +          Rampage  .    (no gloves)
Will    +....                    (no boots)
Stlth   +                        (no amulet)
HPRegen 0.28/turn                k - ring of resist corrosion
MPRegen 0.12/turn                (no ring)

@: lethally poisoned (-2 -> -5), flying
A: permanent stasis, dig shafts and tunnels, antennae 3, four strong arms
a: Dig, Shaft Self


You were on level 4 of the Dungeon.
You visited 1 branch of the dungeon, and saw 4 of its levels.

You collected 245 gold pieces.

Inventory:

Hand Weapons
 a - a +1 sling (weapon)
Armour
 s - a +2 robe of willpower (worn)
Jewellery
 k - a ring of resist corrosion (left hand)
Wands
 q - a wand of flame (10)
Scrolls
 b - 2 scrolls of poison
 c - a scroll of teleportation {unknown}
 f - a scroll of enchant armour {unknown}
 g - a scroll of summoning {unknown}
 i - 2 scrolls of identify {unknown}
 j - a scroll of magic mapping {unknown}
 p - 2 scrolls of blinking {unknown}
 r - a scroll of fog {unknown}
Potions
 d - a potion of berserk rage
 e - a potion of flight
 h - a potion of lignification {unknown}
 l - 2 potions of ambrosia {unknown}
 m - a potion of cancellation {unknown}
 n - a potion of brilliance
 o - a potion of curing {unknown}


   Skills:
 + Level 2.6 Fighting
 * Level 4.0 Ranged Weapons
 - Level 1.7 Dodging
 + Level 2.3 Spellcasting
 * Level 5.7 Hexes
 + Level 1.3 Summonings
 + Level 2.0 Fire Magic


You had 3 spell levels left.
You knew the following spells:

 Your Spells              Type           Power      Damage    Failure   Level
a - Slow                  Hex            72%        N/A       1%          1
b - Inner Flame           Hex/Fire       13%        N/A       13%         3
c - Summon Guardian Gole  Hex/Summ       12%        N/A       16%         3

Your spell library contained the following spells:

 Spells                   Type           Power      Damage    Failure   Level
 Ensorcelled Hibernation  Hex/Ice        20%        N/A       10%         2
 Summon Small Mammal      Summ           20%        N/A       12%         1
 Portal Projectile        Hex/Tloc       20%        N/A       21%         3
 Apportation              Tloc           2%         N/A       22%         1
 Necrotise                Necr           4%         1d4       22%         1
 Passwall                 Tmut/Erth      0%         N/A       32%         2
 Cause Fear               Hex            9%         N/A       21%         4
 Iskenderun's Battlesphe  Conj           1%         2d6       99%         5
 Iron Shot                Conj/Erth      0%         9d1       100%        6
 Orb of Destruction       Conj           0%         9d5       100%        7
 Spellforged Servitor     Conj/Summ      1%         N/A       100%        7
 Swiftness                Air            Unusable   N/A       N/A         3

Dungeon Overview and Level Annotations

Branches:
Dungeon (4/15)
 Temple: D:4-7

Altars:

Annotations:
D:1 2 transporters


Innate Abilities, Weirdness & Mutations

You cannot be hasted, slowed, berserked, paralysed or teleported.
You can dig through walls and to a lower floor.
You have a pair of large antennae on your head. (SInv)
Your four strong arms can wield two-handed weapons with a shield.


Message History

The sling bullet barely misses the scorpion.
The scorpion stings you.
You are poisoned.
The scorpion poisons you!
Fire: a) +1 sling
Press: ? - help, Shift-Dir - straight line, f/p - scorpion
Aim: a scorpion (moderately wounded, slow, 60% to hit)
You shoot a sling bullet. The sling bullet hits the scorpion.
The scorpion is heavily wounded.
You feel very sick.
The scorpion is no longer moving slowly.
The scorpion stings you but does no damage.
Fire: a) +1 sling
Press: ? - help, Shift-Dir - straight line, f/p - scorpion
Aim: a scorpion (heavily wounded, 60% to hit)
You shoot a sling bullet.
The sling bullet barely misses the scorpion.
You feel very sick. The scorpion stings you.
* * * LOW HITPOINT WARNING * * *
Casting: Slow (safe; 1% risk of failure)
Confirm with . or Enter, or press ? or * to list all spells.
Aiming: Slow (safe; 1% risk of failure)
Press: ? - help, Shift-Dir - straight line, f/p - scorpion
Aim: a scorpion (heavily wounded, chance to affect: 50%)
The scorpion resists with significant effort.
* * * LOW HITPOINT WARNING * * *
You feel sick. The scorpion barely misses you.
It was a potion of berserk rage.
Your stasis prevents you from going berserk.
* * * LOW HITPOINT WARNING * * *
You feel sick. The scorpion closely misses you.
It was a potion of flight.
You feel very buoyant.
You fly up into the air.
* * * LOW HITPOINT WARNING * * *
You feel sick.
The scorpion stings you but does no damage.
The scorpion stings you.
You die...

... ..[ ...
#.# #.# #)#
##s##
##.@.##
##.....##
##.......#
#.<.......#
+.........+
#.........#
##.......##
##.....##
##...##


You could see a scorpion.

Vanquished Creatures
  Sigmund (D:3)
  2 hounds (D:3)
  Jessica (D:3)
  Natasha (thrice) (D:2)
  A gnoll (D:3)
  An adder (D:2)
  2 dart slugs
  2 worms
  7 ball pythons
  3 endoplasms
  2 giant cockroaches
  5 goblins
  7 hobgoblins
  3 jackals (D:1)
  2 quokkas
  6 bats
  3 kobolds
  4 rats
55 creatures vanquished.

Notes
Turn   | Place    | Note
-------+----------+-------------------------------------------
     0 | D:1      | Bnni the Formicid Hexslinger began the quest for the Orb.
     0 | D:1      | Reached XP level 1. HP: 15/15 MP: 2/2
    74 | D:1      | Reached XP level 2. HP: 21/21 MP: 3/3
   194 | D:1      | Reached skill level 4 in Hexes
   248 | D:1      | Reached XP level 3. HP: 21/26 MP: 4/4
   256 | D:1      | Learned a level 3 spell: Inner Flame
   648 | D:1      | Found a faded altar of an unknown god.
  1155 | D:2      | Reached XP level 4. HP: 32/32 MP: 6/6
  1175 | D:2      | Noticed Natasha
  1201 | D:2      | Killed Natasha
  1202 | D:2      | Reached skill level 1 in Fire Magic
  1339 | D:2      | Noticed Natasha
  1351 | D:2      | Killed Natasha
  1352 | D:2      | Reached XP level 5. HP: 26/38 MP: 7/7
  1482 | D:2      | Learned a level 3 spell: Summon Guardian Golem
  1690 | D:2      | Noticed Natasha
  1710 | D:2      | Killed Natasha
  2374 | D:3      | Noticed Jessica
  2419 | D:3      | Killed Jessica
  2420 | D:3      | Reached skill level 5 in Hexes
  2521 | D:3      | Noticed Sigmund
  2652 | D:3      | Killed Sigmund
  2653 | D:3      | Reached skill level 1 in Summonings
  2653 | D:3      | Reached XP level 6. HP: 37/46 MP: 4/9
  2886 | D:3      | Reached XP level 7. HP: 45/51 MP: 7/10
  3052 | D:4      | Slain by a scorpion

Illustrated notes

Levels and vault maps discovered:
D:1:      spicycebolla_arrival_transporter_tutorial, layout_basic,
          shapermc_ecumenical_altar_acropolis
D:2:      layout_basic, eino_tiny_chamber, uniq_natasha
D:3:      layout_loops_ring, grunt_ministairs_10, cheibrodos_gnoll_hut,
          uniq_sigmund, uniq_jessica
D:4:      layout_loops_corners, kiku_gazebo_pond_becter,
          minmay_temple_entry_statues_pillars, uniq_crazy_yiuf_cottage

Skill      XL: |  1  2  3  4  5  6 |
---------------+-------------------+-----
Hexes          | 4 5 |  5.7
Ranged Weapons | 3 4 |  4.0
Fire Magic     | 1 2 |  2.0
Fighting       | 2 |  2.6
Spellcasting   | 2 |  2.3
Summonings     | 1 |  1.3
Dodging        | |  1.7

Action                   |  1- 3 |  4- 6 |  7- 9 || total
-------------------------+-------+-------+-------++-------
 Fire: Sling             |   117 |   107 |    25 ||   249
 Cast: Slow              |       |     6 |     3 ||     9
       Summon Guardian G |       |     6 |       ||     6
       Inner Flame       |       |     1 |       ||     1
 Abil: Dig               |       |     1 |       ||     1
  Use: Potion            |       |       |     2 ||     2
Armor: Robe              |    11 |     7 |     4 ||    22
Dodge: Dodged            |    32 |    58 |    16 ||   106

Table legend: (Time is in decaauts)
 A = Elapsed time spent in this place.
 B = Non-inter-level travel time spent in this place.
 C = Inter-level travel time spent in this place.
 D = Time resting spent in this place.
 E = Time spent auto-exploring this place.
 F = Levels seen in this place.
 G = Mean time per level.
                   A        B        C        D        E       F      G
               +--------+--------+--------+--------+--------+-----+--------+
         Total |   3116 |   2998 |    118 |    222 |   2170 |   4 |  779.0 |
       Dungeon |   3116 |   2998 |    118 |    222 |   2170 |   4 |  779.0 |
               +--------+--------+--------+--------+--------+-----+--------+

Top non-repeatable levels by time:
     D:2: 1127 daAuts
     D:1: 1014 daAuts
     D:3: 943 daAuts
     D:4: 30 daAuts
